cohdb
Replays
Latest Replays
All Replays
Popular Replays
Top Player Replays
Match Explorer
How It Works
Community
CoH3 Stats
Reddit
Sign in to upload your games and track your stats! →
Sign in with Steam
Match 47209140
Unlisted
Match 47209140
Overview
Messages
Build Orders
End
Construct Infanterie Kompanie
MG 42 Machine Gun Team
GrW 34 Mortar Team
Grenadier Squad
Construct Panzergrenadier Kompanie
Infanterie Officer Quarters
Panzergrenadier Squad
Panzergrenadier Squad
Selects Mechanized Battlegroup
Selects Raid Package
Panzergrenadier Officer Quarters
Construct Panzer Kompanie
Medical Bunker
Selects StuG Assault Group
Selects Mobile Repair Stations
Pak 40 Anti-tank Gun Team
Selects UNKNOWN (2160084)
Selects Stoßtruppen Assault Package
Panzer IV Medium Tank
Stoßtruppen Squad
Side Skirts
Selects Zeroing Artillery Barrage
Panzer Officer Quarters
Sturmpanzer IV Brummbär
Zeroing Artillery Barrage
Dr. Rizzard Garfield
North_Ampton
coinisi
N/AVoice
Báleygr
The Devil Himself
Cylar
JVM
0
0
Comments
sign in to comment!
No comments posted yet!